 Dungeon Crawl Stone Soup version 0.23.1-38-g628c18f423 (webtiles) character file.

Game seed: 4600053459809046358

126 Oninnaise the Skirmisher (level 4, -1/37 HPs)
             Began as a Demonspawn Fighter on Mar 29, 2019.
             Slain by a goblin (5 damage)
             ... led by Robin
             ... on level 3 of the Dungeon.
             The game lasted 00:04:25 (2059 turns).

Oninnaise the Skirmisher (Demonspawn Fighter)       Turns: 2059, Time: 00:04:25

Health: -1/37      AC:  7    Str: 23    XL:     4   Next: 83%
Magic:  4/4        EV:  7    Int:  9    God:
Gold:   104        SH:  9    Dex: 14    Spells: 3/3 levels left

rFire    . . .     SeeInvis .   a - +2 flail
rCold    . . .     Gourm    .   c - +0 shield
rNeg     . . .     Faith    .   b - +1 scale mail
rPois    .         Spirit   .   (no helmet)
rElec    .         Reflect  .   (no cloak)
rCorr    .         Harm     .   (no gloves)
MR       .....                  (no boots)
Stlth    +.........             (no amulet)
HPRegen  0.12/turn              (no ring)
MPRegen  0.09/turn              (no ring)

@: mighty, drained
A: thin skeletal structure 1, demonic guardian 1
a: no special abilities


You were on level 3 of the Dungeon.
You were hungry.

You visited 1 branch of the dungeon, and saw 3 of its levels.

You collected 104 gold pieces.

Inventory:

Hand Weapons
 a - a +2 flail (weapon)
Armour
 b - a +1 scale mail (worn)
 c - a +0 shield (worn)
Potions
 g - a potion of flight
 i - a potion of haste
Comestibles
 f - 9 rations


   Skills:
 * Level 3.7(3.1) Fighting
 + Level 2.9(2.3) Maces & Flails
 * Level 3.5(2.9) Armour
 + Level 3.2(2.5) Shields


You had 3 spell levels left.
You didn't know any spells.
Your spell library was empty.

Dungeon Overview and Level Annotations

Branches:
Dungeon (3/15)

Altars:
Qazlal
Sif Muna


Innate Abilities, Weirdness & Mutations

You have a somewhat thin skeletal structure. (Dex +2, Stealth)
A weak demonic guardian rushes to your aid.


Message History

You thump the goblin!
You kill the goblin!
Your iron imp completely misses the goblin.
The goblin closely misses you. The goblin hits you but does no damage.
You hit the hobgoblin.
The hobgoblin is lightly wounded.
Your iron imp disappears in a puff of smoke!
The goblin hits you but does no damage. You block the goblin's attack.
The hobgoblin barely misses you. You block the goblin's attack.
You completely miss the hobgoblin.
The hobgoblin is lightly wounded.
The goblin hits you but does no damage. You block the hobgoblin's attack.
You block the goblin's attack.
The hobgoblin hits you but does no damage.
The goblin hits you.
* * * LOW HITPOINT WARNING * * *
You bludgeon the hobgoblin!!
You kill the hobgoblin!
The goblin barely misses you. The goblin hits you.
You die...

.# ##....# #..
.####.....# #.#
..........# #.#
#########.#####.# ##
#.......# ..
#######.##.#
.......(...#
.######g##.# # #g@).#
##### #.)))†.# ....#
#..§.#.#
###.####.##......$.#
#..................$
#.#..###)##..........
#.#..# ###...##.###
..#..# #...# .#
###..#


You could see 2 goblins.

Vanquished Creatures
  Robin (D:3)
  2 adders
  A gnoll (D:2)
  3 worms (D:2)
  A leopard gecko (D:2)
  4 orcs (D:3)
  A giant cockroach (D:2)
  3 hobgoblins
  2 jackals (D:2)
  12 kobolds
  A quokka (D:2)
  6 bats
  5 frilled lizards (D:2)
  13 goblins
  4 rats
59 creatures vanquished.

Vanquished Creatures (collateral kills)
  2 gnolls (D:2)
  A goblin (D:3)
3 creatures vanquished.

Grand Total: 62 creatures vanquished

Notes
Turn   | Place    | Note
-------+----------+-------------------------------------------
     0 | D:1      | Oninnaise the Demonspawn Fighter began the quest for the
                  | Orb.
     0 | D:1      | Reached XP level 1. HP: 18/18 MP: 1/1
   163 | D:1      | Gained mutation: A weak demonic guardian rushes to your
                  | aid. [demonic ancestry]
   163 | D:1      | Reached XP level 2. HP: 16/24 MP: 2/2
   918 | D:2      | Reached XP level 3. HP: 17/29 MP: 3/3
  1330 | D:2      | Found a stormy altar of Qazlal.
  1505 | D:2      | Gained mutation: You have a somewhat thin skeletal
                  | structure. (Dex +2, Stealth) [demonic ancestry]
  1505 | D:2      | Reached XP level 4. HP: 33/35 MP: 4/4
  1943 | D:3      | Found a deep blue altar of Sif Muna.
  2043 | D:3      | Noticed Robin
  2054 | D:3      | Killed Robin
  2059 | D:3      | Slain by a goblin

Skill      XL: |  1  2  3 |
---------------+----------+-----
Armour         | 3 |  3.5
Maces & Flails | 2 |  2.9
Shields        | 3 |  3.2
Fighting       | |  3.7

Action                   |  1- 3 |  4- 6 || total
-------------------------+-------+-------++-------
Melee: Flail             |   111 |    50 ||   161
  Use: Scroll            |     4 |     1 ||     5
       Potion            |     2 |     2 ||     4
 Stab: Sleeping          |       |     1 ||     1
  Eat: Ration            |     1 |       ||     1
Armor: Scale mail        |    61 |    49 ||   110
Dodge: Dodged            |    17 |    21 ||    38
Block: Shield            |    63 |    43 ||   106
